AoeStats
← Oswald

Arabia

509200202Analyzed
1v1 RM · 6d ago on Sep 25, 2026· 22m 27s· 2 players
Game mode
Random Map
Map size
Tiny (2 player)
Population
200
Speed
Normal
Resources
Standard
Victory
Conquest
Starting age
Dark Age
Ending age
Imperial Age
RankedLock teamsTeams togetherTeam positionsShared explorationLock speedFull tech treeHidden civsTurbo modeCheats
Victory
Defeat
🇲🇽 Ethiopians · Mexico
1176
+18
🇧🇪 Armenians · Belgium
1218
-29
Oswald
5:09 Loom
7:40 Loom
10:06 Feudal Age
10:18 Man-at-Arms
15:09 Horse Collar
17:31 Fletching
player0
5:43 Loom
10:38 Feudal Age
10:39 Man-at-Arms
14:53 Long Swordsman
16:42 Scale Mail Armor
21:07 Forging
Connection lost

Rejoining the realm…

Still unreachable

The connection could not be restored.

Session expired

The server has moved on; the page needs a fresh start.